 Dungeon Crawl Stone Soup version 0.24-a0-181-gd121a6d (webtiles) character file.

Game seed: 5454924421807981857

2688 tbh1313 the Arsonist (level 9, -5/45 HPs)
             Began as a Deep Elf Fire Elementalist on Mar 14, 2019.
             Was an Initiate of Vehumet.
             Slain by Joseph
             ... wielding a +0 quarterstaff
              (17 damage)
             ... on level 8 of the Dungeon.
             The game lasted 00:27:06 (8267 turns).

tbh1313 the Arsonist (Deep Elf Fire Elementalist)   Turns: 8267, Time: 00:27:06

Health: -5/45      AC:  4    Str:  7    XL:     9   Next: 38%
Magic:  1/17       EV: 13    Int: 22    God:    Vehumet [......]
Gold:   408        SH:  0    Dex: 15    Spells: 2/16 levels left

rFire    . . .     SeeInvis .   b - +0 dagger
rCold    . . .     Gourm    .   (no shield)
rNeg     . . .     Faith    .   a - +0 robe
rPois    .         Spirit   .   k - +1 helmet
rElec    .         Reflect  .   j - scarf {repulsion}
rCorr    .         Harm     .   (no gloves)
MR       .....                  (no boots)
Stlth    ++........             u - amulet of regeneration
HPRegen  0.55/turn              (no ring)
MPRegen  0.15/turn              (no ring)

@: very slightly contaminated, repel missiles
A: no striking features
a: Renounce Religion


You were on level 8 of the Dungeon.
You worshipped Vehumet.
Vehumet was noncommittal.
You were hungry.

You visited 2 branches of the dungeon, and saw 9 of its levels.

You collected 408 gold pieces.

Inventory:

Hand Weapons
 b - a +0 dagger (weapon)
 t - a +0 rapier
Missiles
 q - 8 curare-tipped needles
Armour
 a - a +0 robe (worn)
 j - a scarf of repulsion (worn)
 k - a +1 helmet (worn)
Jewellery
 p - an uncursed ring of ice
 u - an amulet of regeneration (around neck)
Wands
 w - a wand of acid (7)
Scrolls
 e - a scroll of amnesia
 f - 6 scrolls of teleportation
 g - a scroll of remove curse
 i - 2 scrolls of blinking
 m - 2 scrolls of enchant weapon
Potions
 d - a potion of mutation
 h - 3 potions of haste
 l - 2 potions of cancellation
 n - 3 potions of curing
 o - a potion of flight {unknown}
 r - a potion of ambrosia {unknown}
 s - 3 potions of heal wounds
 v - a potion of agility {unknown}
 x - a potion of brilliance {unknown}
 z - a potion of lignification {unknown}
 B - 2 potions of berserk rage {unknown}
Comestibles
 c - 9 rations


   Skills:
 - Level 2.4 Dodging
 - Level 2.4 Stealth
 + Level 4.4 Spellcasting
 - Level 10.0 Conjurations
 - Level 10.1 Fire Magic


You had 2 spell levels left.
You knew the following spells:

 Your Spells              Type           Power        Failure   Level  Hunger
a - Flame Tongue          Conj/Fire      #####        1%          1    None
b - Magic Dart            Conj           ####         1%          1    None
c - Sticky Flame          Conj/Fire      #####...     1%          4    ####...
d - Conjure Flame         Conj/Fire      #####...     1%          3    ##.....
e - Fireball              Conj/Fire      #####.....   4%          5    ######.

Your spell library contained the following spells:

 Spells                   Type           Power        Failure   Level  Hunger
 Throw Flame              Conj/Fire      #####.       1%          2    #......
 Throw Frost              Conj/Ice       ####..       1%          2    #......
 Freeze                   Ice            #...         11%         1    None
 Blink                    Tloc           N/A          16%         2    #......
 Call Imp                 Summ           #.......     16%         2    #......
 Slow                     Hex            #.......     16%         2    #......
 Inner Flame              Hex/Fire       ####....     4%          3    ##.....
 Mephitic Cloud           Conj/Pois/Air  ###.....     9%          3    ##.....
 Throw Icicle             Conj/Ice       ####....     14%         4    ####...
 Ozocubu's Armour         Chrm/Ice       #.......     32%         3    ##.....
 Cause Fear               Hex            #.........   71%         4    ####...
 Summon Ice Beast         Ice/Summ       #.......     71%         4    ####...
 Silence                  Hex/Air        #.........   96%         5    ######.
 Yara's Violent Unravell  Hex/Tmut       #.........   96%         5    ######.
 Deflect Missiles         Chrm/Air       #.........   100%        6    #######
 Discord                  Hex            #.........   100%        8    #######


Dungeon Overview and Level Annotations

Branches:
Dungeon (8/15)             Temple (1/1) D:6
   Lair: D:8-11

Altars:
Cheibriados
Dithmenos
Elyvilon
Fedhas
Gozag
Kikubaaqudgha
Makhleb
Nemelex Xobeh
Okawaru
Qazlal
Ru
Sif Muna
Trog
Vehumet
Wu Jian
Xom
Yredelemnul
The Shining One

Annotations:
D:8 Joseph


Message History

You are feeling hungry.
Joseph burns!
Joseph closely misses you.
Casting: Sticky Flame (safe; 1% risk of failure)
Confirm with . or Enter, or press ? or * to list all spells.
Aiming: Flame Tongue (safe; 1% risk of failure)
Press: ? - help, Shift-Dir - straight line, f/p - Joseph
Aim: Joseph, wielding a +0 quarterstaff and wearing a +0 leather armour (severely wounded, covered in liquid flames)
The flame tongue hits Joseph.
Joseph is severely wounded.
Joseph burns!
Joseph smiles happily.
Joseph closely misses you.
You hit Joseph but do no damage.
Joseph is almost dead.
Joseph burns!
Joseph stops burning.
Joseph hits you with a +0 quarterstaff!
All of the chunks of flesh in your inventory have rotted away.
You hit Joseph but do no damage.
Joseph is almost dead.
Joseph hits you with a +0 quarterstaff!
You die...

... ##...
#... #...
#.. #.#
.......
##(#
.......
#.@#
.....>.
#@## ##.
.......##
##h#.....
.........
#(...#
.........
#.....K####
......S..
###..###
.......<.
.?..
######...
...)) #.<.
..##. #.##


You could see Joseph, a jackal and a kobold.

Levels and vault maps discovered:
D:1:      dpeg_arrival_leaves_temple_mockup, layout_loops_ring
D:2:      layout_rooms, kennysheep_boxes
D:3:      layout_basic, chequers_ecumenical_altar_simple, uniq_robin
D:4:      layout_basic, lemuel_crystal_altar, first_ration, st_stairs_6,
          uniq_eustachio
D:5:      layout_gridville, kennysheep_mini, uniq_menkaure
D:6:      layout_basic, minmay_temple_entry_large_hall
D:7:      layout_rooms, okawaru_altar_gauntlet_db, lemuel_crystal_altar,
          grunt_temple_overflow_diamond, minmay_misc_feat_doors
D:8:      layout_rooms, evilmike_ruin_ashenzari, due_lair_maze_entry_diamond,
          uniq_joseph
Temple:   cyrus_circular_temple

Notes
Turn   | Place    | Note
-------+----------+-------------------------------------------
     0 | D:1      | tbh1313 the Deep Elf Fire Elementalist began the quest for
                  | the Orb.
     0 | D:1      | Reached XP level 1. HP: 10/10 MP: 6/6
    81 | D:1      | Reached XP level 2. HP: 8/15 MP: 0/8
   447 | D:1      | Reached XP level 3. HP: 11/19 MP: 4/9
   452 | D:1      | Learned a level 3 spell: Conjure Flame
  1291 | D:2      | Reached XP level 4. HP: 19/24 MP: 7/10
  1458 | D:2      | Learned a level 4 spell: Sticky Flame
  1722 | D:3      | Noticed Robin
  2155 | D:2      | Killed Robin
  2155 | D:2      | Reached skill level 5 in Conjurations
  2617 | D:3      | Reached XP level 5. HP: 28/28 MP: 7/11
  3153 | D:3      | Reached XP level 6. HP: 32/32 MP: 7/12
  3170 | D:3      | Found a faded altar of an unknown god.
  3453 | D:4      | Learned a level 1 spell: Magic Dart
  3521 | D:4      | Found a shimmering altar of Xom.
  3897 | D:4      | Reached skill level 5 in Fire Magic
  4114 | D:4      | Noticed Eustachio
  4127 | D:4      | Killed Eustachio
  4127 | D:4      | Reached XP level 7. HP: 22/36 MP: 4/13
  4349 | D:5      | Entered Level 5 of the Dungeon
  4354 | D:5      | Found a sacrificial altar of Ru.
  4647 | D:5      | Noticed Menkaure
  4652 | D:5      | Killed Menkaure
  5472 | D:5      | Reached XP level 8. HP: 41/41 MP: 9/14
  5837 | D:6      | Found a staircase to the Ecumenical Temple.
  5850 | Temple   | Entered the Ecumenical Temple
  5861 | Temple   | Became a worshipper of Vehumet
  6917 | D:7      | Got a heavily runed tin ring
  6926 | D:7      | Identified the ring of Papparibi {Wiz *Slow MP+9 Stlth+}
                  | (You found it on level 7 of the Dungeon)
  7054 | D:7      | Noticed a hippogriff
  7120 | D:7      | Found a glowing golden altar of the Shining One.
  7143 | D:7      | Killed a hippogriff
  7143 | D:7      | Reached XP level 9. HP: 25/45 MP: 3/15
  7262 | D:7      | Reached skill level 10 in Conjurations
  7279 | D:7      | Learned a level 5 spell: Fireball
  7536 | D:7      | Found an ancient bone altar of Kikubaaqudgha.
  7539 | D:7      | Found an ornate altar of the Wu Jian Council.
  7542 | D:7      | Found a stormy altar of Qazlal.
  7803 | D:7      | Found an iron altar of Okawaru.
  8043 | D:7      | Reached skill level 10 in Fire Magic
  8247 | D:8      | Noticed Joseph
  8267 | D:8      | Slain by Joseph

Table legend:
 A = Turns spent in this place as a percentage of turns spent in the entire game.
 B = Non-inter-level travel turns spent in this place as a percentage of non-inter-level travel turns spent in the entire game.
 C = Inter-level travel turns spent in this place as a percentage of turns spent in this place.
 D = Turns resting spent in this place as a percentage of non-inter-level travel turns spent in this place.
 E = Turns spent auto-exploring this place as a percentage of non-inter-level travel turns spent in this place.
 F = Non-inter-level travel turns spent in this place divided by the number of levels of this place that you've seen.
                   A       B       C       D       E      F
               +-------+-------+-------+-------+-------+----------------------
         Total | 100.0 | 100.0 |   6.0 |  40.7 |  42.3 | 863.3
       Dungeon |  99.7 |  99.8 |   5.9 |  40.8 |  42.4 | 969.6
        Temple |   0.3 |   0.2 |  45.8 |   0.0 |   0.0 |  13.0
               +-------+-------+-------+-------+-------+----------------------

Table legend:
 A = Kills in this place as a percentage of kills in entire the game.
 B = Kills by you in this place as a percentage of kills by you in the entire game.
 C = Kills by friends in this place as a percentage of kills by friends in the entire game.
 D = Other kills in this place as a percentage of other kills in the entire game.
 E = Experience gained in this place as a percentage of experience gained in the entire game.
 F = Experience gained in this place divided by the number of levels of this place that you have seen.
                   A       B       C       D       E      F
               +-------+-------+-------+-------+-------+----------------------
         Total | 100.0 | 100.0 |   N/A |   N/A | 100.0 | 426.7
       Dungeon | 100.0 | 100.0 |   N/A |   N/A | 100.0 | 480.0
               +-------+-------+-------+-------+-------+----------------------

Action                   |  1- 3 |  4- 6 |  7- 9 || total
-------------------------+-------+-------+-------++-------
Melee: Dagger            |    18 |     1 |     7 ||    26
 Cast: Flame Tongue      |    68 |   127 |   183 ||   378
       Magic Dart        |       |    13 |    95 ||   108
       Sticky Flame      |       |     1 |     2 ||     3
  Use: Scroll            |     5 |     2 |    11 ||    18
 Stab: Sleeping          |     3 |     1 |       ||     4
  Eat: Chunk             |     1 |     8 |     7 ||    16
       Ration            |       |       |     2 ||     2
Armor: Robe              |     9 |    13 |    27 ||    49
Dodge: Dodged            |    34 |    39 |   134 ||   207
       Deflected         |       |       |     9 ||     9

Vanquished Creatures
  A hippogriff (D:7)
  Eustachio (D:4)
  Menkaure (D:5)
  A hungry ghost (D:7)
  A porcupine (D:8)
  2 black bears (D:7)
  3 ogres (D:6)
  A phantom (D:4)
  2 centaurs (D:7)
  A crocodile (D:8)
  2 bullfrogs
  3 scorpions
  2 water moccasin skeletons (D:5)
  A howler monkey (D:5)
  A quasit (D:7)
  2 hounds
  A jelly (D:8)
  A bullfrog skeleton (D:6)
  3 orc wizards
  2 orc priests
  3 iguanas (D:5)
  3 worker ants
  A hound zombie (D:5)
  A worker ant zombie (D:5)
  Robin (D:2)
  10 gnolls
  12 adders
  A shadow imp (D:7)
  An ooze (D:5)
  An adder skeleton (D:6)
  An adder zombie (D:6)
  5 worms
  2 dart slugs
  3 leopard geckos
  14 orcs
  2 ball pythons
  7 giant cockroaches
  17 goblins
  16 hobgoblins
  13 jackals
  12 kobolds
  A quokka (D:4)
  7 bats
  4 frilled lizards (D:3)
  A jackal skeleton (D:5)
  A leopard gecko zombie (D:7)
  A quokka skeleton (D:4)
  8 rats
181 creatures vanquished.

Vanquished Creatures (others)
  A plant (D:8)
1 creature vanquished.

Grand Total: 182 creatures vanquished
